 Dungeon Sprint DCSS version 0.28-a0-883-gc8d7bad45d (webtiles) character file.

Game seed: 12342445109675996923

49614 mhtbhm the Shatterer (level 14, -2/162 HPs)
             Began as a Minotaur Fighter on Nov 21, 2021.
             Was an Initiate of Gozag.
             Killed from afar by a fire dragon (51 damage)
             ... with a blast of flame
             ... in the Dungeon (Sprint IX: "|||||||||||||||||||||||||||||").
             The game lasted 00:07:53 (4544 turns).

mhtbhm the Shatterer (Minotaur Fighter)             Turns: 4544, Time: 00:07:53

Health: -2/162     AC: 30    Str: 25    XL:     14   Next: 16%
Magic:  13/13      EV: 15    Int:  5    God:    Gozag
Gold:   10871      SH:  8    Dex: 11    Spells: 13/13 levels left

rFire   . . .      SeeInvis .   a - +10 morningstar "Eos" {elec, Halo rElec}
rCold   . . .      Faith    .   c - +0 buckler
rNeg    . . .      Spirit   .   b - +10 chain mail of Koagh {rPois}
rPois   +          Reflect  .   v - +1 hat
rElec   +          Harm     .   m - +0 cloak
rCorr   .          Rampage  +   (no gloves)
Will    +....      NoTele   +   G - +0 pair of boots {rampage}
Stlth   +.........              (no amulet)
HPRegen 0.37/turn               p - +2 ring of evasion
MPRegen 0.13/turn               o - +2 ring of evasion

@: gold aura, glowing
A: horns 2, retaliatory headbutt
a: Renounce Religion, Potion Petition, Call Merchant, Bribe Branch


You were in the Dungeon.
You worshipped Gozag.
Gozag was extremely pleased with you.
You visited 1 branch You collected 13896 gold pieces.
You spent 2080 gold pieces at shops.
You paid 945 gold pieces to Gozag.

Inventory:

Hand Weapons
 a - the +10 morningstar "Eos" (weapon) {elec, Halo rElec}
   (You bought it in a shop in the Dungeon)

   It occasionally discharges a powerful burst of electricity upon striking a
   foe.
   It grants its wielder a halo, increasing accuracy against those within it.
   rElec:     It insulates you from electricity.
Missiles
 l - 4 boomerangs (quivered)
Armour
 b - the +10 chain mail of Koagh (worn) {rPois}
   (You found it in the Dungeon)

   rPois:     It protects you from poison.
 c - a +0 buckler (worn)
 m - a +0 cloak (worn)
 v - a +1 hat (worn)
 G - a +0 pair of boots of rampaging (worn)
Jewellery
 o - a +2 ring of evasion (right hand)
 p - a +2 ring of evasion (left hand)
 C - a ring of fire
 D - a ring of fire
 E - a ring of see invisible
 F - a ring of poison resistance
Scrolls
 j - 2 scrolls of blinking
 k - 2 scrolls of amnesia
 s - 5 scrolls of fog
 t - 4 scrolls of enchant weapon
 u - 3 scrolls of fear
 w - a scroll of identify
 x - a scroll of holy word
 y - a scroll of brand weapon
 z - a scroll of immolation
 A - a scroll of silence
 I - 2 scrolls of enchant armour
Potions
 d - 3 potions of might
 e - 6 potions of curing
 f - 5 potions of heal wounds
 g - a potion of haste
 h - 4 potions of magic
 i - a potion of invisibility
 n - a potion of berserk rage
 q - a potion of brilliance
 r - 4 potions of resistance
 B - a potion of cancellation
 H - a potion of mutation
 J - a potion of flight


   Skills:
 + Level 25.1 Fighting
 + Level 25.9 Maces & Flails
 + Level 20.0 Armour
 + Level 6.8 Dodging
 + Level 10.0 Stealth
 + Level 17.2 Shields
 + Level 4.9 Evocations


You had 13 spell levels left.
You didn't know any spells.
Your spell library was empty.

Dungeon Overview and Level Annotations

Branches:
Dungeon (1/1)

Altars:
Cheibriados
Dithmenos
Elyvilon
Fedhas
Gozag
Hepliaklqana
Kikubaaqudgha
Makhleb
Nemelex Xobeh
Okawaru
Qazlal
Ru
Sif Muna
Trog
Uskayaw
Vehumet
Wu Jian
Xom
Yredelemnul
Zin
The Shining One
Beogh
Jiyva
Lugonu

Shops:
D (:?([


Innate Abilities, Weirdness & Mutations

You have a pair of horns on your head.
You reflexively headbutt those who attack you in melee.


Message History

The fire giant hits you with a +2 great sword of flaming!
The fire giant burns you.
You hit the fire giant.
Lightning courses through the fire giant!
The fire giant is moderately wounded.
Unknown command.
You hit the fire giant. Your headbutt misses the fire giant.
The fire giant is moderately wounded.
The golden dragon is no longer distracted by gold.
The fire giant hits you with a +2 great sword of flaming!!
The fire giant burns you.
Unknown command.
You puncture the fire giant! You headbutt the fire giant.
The fire giant is heavily wounded.
The fire giant gestures at you while chanting.
The bolt of fire hits you!!
Unknown command.
You bludgeon the fire giant!!
Lightning courses through the fire giant!!
The fire giant is almost dead.
The purple ugly thing is distracted by your dazzling golden aura.
You sock the fire giant! Your headbutt misses the fire giant.
The fire giant is almost dead.
The purple ugly thing is no longer distracted by gold.
The fire giant hits you with a +2 great sword of flaming!!
The fire giant burns you.
* * * LOW HITPOINT WARNING * * *
Unknown command.
Unknown command.
You spit the fire giant like a pig!!!
You kill the fire giant!
Your Fighting skill increases to level 25!
Your Armour skill increases to level 20!
Your Stealth skill increases to level 10!
You rampage towards the fire dragon!
You impale the fire dragon!!
The fire dragon is moderately wounded.
The fire dragon breathes flames at you. The blast of flame hits you!!!
You die...
Your body crumbles into a pile of gold.

▓.▓.▓.▓.▓.▓.▓)▓.▓(
▓.▓.▓.▓.▓.▓.▓[▓.▓|
▓.▓.▓'▓.▓)▓.▓[▓.▓.
▓.▓.▓)▓.▓)▓.▓[▓.▓.
▓'▓.▓)▓.▓)▓.▓[▓.▓.
▓$▓.▓.▓.▓)▓.▓[▓.▓.
▓$▓.▓.▓.▓)▓.▓[▓.▓.
▓$▓)▓)▓.▓)▓.▓[▓.▓.
▓@▓.▓.▓.▓)▓.▓[▓.▓'
▓D▓.▓.▓.▓)▓.▓.▓.▓.
▓D▓.▓.▓.▓.▓.▓.▓.▓.
▓u▓.▓.▓.▓[▓.▓.▓.▓.
▓C▓.▓'▓.▓[▓.▓.▓.▓.
▓.▓.▓)▓.▓[▓.▓.▓.▓.
▓.▓.▓.▓.▓[▓)▓)▓.▓.
▓.▓.▓)▓.▓[▓)▓.▓.▓.
▓.▓.▓.▓[▓.▓)▓.▓.


You could see a golden dragon, a fire dragon (catching breath), a purple ugly
thing and an ettin.

Vanquished Creatures
  A tentacled monstrosity (D)
  A lich (D)
  Agnes (D)
  Gastronok (D)
  Frances (D)
  A thorn hunter (D)
  A tengu reaver (D)
  A fire giant (D)
  A ghost moth (D)
  2 stone giants (D)
  A vampire knight (D)
  An ettin (D)
  A spark wasp (D)
  An eleionoma (D)
  A merfolk impaler (D)
  A rakshasa (D)
  2 ice dragons (D)
  2 hydras (D)
  Erolcha (D)
  A fire dragon (D)
  A naga warrior (D)
  An anaconda (D)
  2 centaur warriors (D)
  4 ogre magi (D)
  5 two-headed ogres (D)
  A deep troll shaman (D)
  2 deep troll earth magi (D)
  An alligator (D)
  A shock serpent (D)
  An orc high priest (D)
  A salamander mystic (D)
  2 sea snakes (D)
  2 wizards (D)
  A swamp dragon (D)
  2 glowing orange brains (D)
  3 orc knights (D)
  A cyclops (D)
  A mana viper (D)
  A necromancer (D)
  2 ugly things (D)
  2 wolf spiders (D)
  A manticore (D)
  A water nymph (D)
  3 naga magi (D)
  A black mamba (D)
  4 cane toads (D)
  A rime drake (D)
  2 demonic crawlers (D)
  A kobold demonologist (D)
  An efreet (D)
  2 merfolk (D)
  3 tyrant leeches (D)
  A hornet (D)
  2 blink frogs (D)
  2 wind drakes (D)
  A redback (D)
  A spriggan (D)
  A wyvern (D)
  A vampire (D)
  2 tarantellas (D)
  4 yaks (D)
  Eustachio (D)
  3 basilisks (D)
  4 vampire mosquitoes (D)
  An acid dragon (D)
  2 water moccasins (D)
  13 orc warriors (D)
  7 ogres (D)
  A centaur (D)
  2 wolves (D)
  3 bullfrogs (D)
  An orc priest (D)
  5 orc wizards (D)
  An adder (D)
  A shadow imp (D)
  3 orcs (D)
  An endoplasm (D)
  A goblin (D)
  A hobgoblin (D)
  A ball python zombie (D)
  A bat simulacrum (D)
  A frilled lizard (D)
  A giant cockroach zombie (D)
  A kobold (D)
151 creatures vanquished.

Vanquished Creatures (others)
  A centaur warrior (D)
  A skeletal warrior (D)
  A bloated husk (D)
3 creatures vanquished.

Grand Total: 154 creatures vanquished

Notes
Turn   | Place    | Note
-------+----------+-------------------------------------------
     0 | D        | mhtbhm the Minotaur Fighter began the quest for the Orb.
     0 | D        | Reached XP level 1. HP: 19/19 MP: 0/0
    72 | D        | Noticed an ogre
    72 | D        | Noticed an ogre
    72 | D        | Noticed an ogre
    76 | D        | Reached XP level 2. HP: 28/28 MP: 1/1
    81 | D        | Killed an ogre
    82 | D        | Reached skill level 5 in Maces & Flails
    82 | D        | Reached XP level 3. HP: 32/38 MP: 2/2
    82 | D        | Reached XP level 4. HP: 38/45 MP: 3/3
    82 | D        | Killed an ogre
    83 | D        | Reached XP level 5. HP: 45/53 MP: 4/4
    88 | D        | Killed an ogre
    89 | D        | Reached XP level 6. HP: 54/62 MP: 5/5
   141 | D        | Found a snail-covered altar of Cheibriados.
   141 | D        | Found a shadowy altar of Dithmenos.
   141 | D        | Found a white marble altar of Elyvilon.
   141 | D        | Found a blossoming altar of Fedhas.
   141 | D        | Found an opulent altar of Gozag.
   142 | D        | Found a hazy altar of Hepliaklqana.
   143 | D        | Found a viscous altar of Jiyva.
   144 | D        | Found an ancient bone altar of Kikubaaqudgha.
   145 | D        | Found a corrupted altar of Lugonu.
   146 | D        | Found a burning altar of Makhleb.
   147 | D        | Found a sparkling altar of Nemelex Xobeh.
   148 | D        | Found an iron altar of Okawaru.
   149 | D        | Became a worshipper of Gozag Ym Sagoz the Greedy
   150 | D        | Found a stormy altar of Qazlal.
   151 | D        | Found a sacrificial altar of Ru.
   152 | D        | Found a shimmering blue altar of Sif Muna.
   153 | D        | Found a bloodstained altar of Trog.
   154 | D        | Found a hide-covered altar of Uskayaw.
   155 | D        | Found a radiant altar of Vehumet.
   156 | D        | Found an ornate altar of the Wu Jian Council.
   157 | D        | Found a shimmering altar of Xom.
   158 | D        | Found a basalt altar of Yredelemnul.
   159 | D        | Found a glowing silver altar of Zin.
   160 | D        | Found a glowing golden altar of the Shining One.
   213 | D        | Noticed a yak
   213 | D        | Noticed an acid dragon
   213 | D        | Noticed a vampire mosquito
   213 | D        | Noticed a yak
   226 | D        | Killed a yak
   236 | D        | Killed an acid dragon
   237 | D        | Reached skill level 10 in Maces & Flails
   237 | D        | Reached XP level 7. HP: 35/71 MP: 6/6
   248 | D        | Killed a vampire mosquito
   249 | D        | Reached skill level 10 in Fighting
   249 | D        | Reached skill level 1 in Dodging
   256 | D        | Killed a yak
   257 | D        | Reached skill level 10 in Armour
   257 | D        | Reached skill level 1 in Stealth
   457 | D        | Noticed a kobold demonologist
   457 | D        | Noticed a cyclops
   457 | D        | Noticed a vampire
   457 | D        | Noticed a centaur warrior
   468 | D        | Killed a kobold demonologist
   469 | D        | Reached XP level 8. HP: 81/81 MP: 7/7
   474 | D        | Killed a cyclops
   475 | D        | Reached skill level 10 in Shields
   489 | D        | Killed a centaur warrior
   490 | D        | Reached skill level 15 in Maces & Flails
   490 | D        | Reached XP level 9. HP: 64/90 MP: 8/8
   694 | D        | Noticed a rime drake
   696 | D        | Noticed a four-headed hydra
   710 | D        | Killed a four-headed hydra
   737 | D        | Killed a rime drake
   933 | D        | Noticed a cane toad
   933 | D        | Noticed a cane toad
   939 | D        | Killed a cane toad
   940 | D        | Reached XP level 10. HP: 86/101 MP: 9/9
   999 | D        | Noticed a cane toad
  1019 | D        | Killed a cane toad
  1044 | D        | Killed a cane toad
  1301 | D        | Noticed a cane toad
  1306 | D        | Killed a cane toad
  1357 | D        | Reached skill level 15 in Fighting
  1581 | D        | Noticed Gastronok
  1599 | D        | Killed Gastronok
  1600 | D        | Reached skill level 15 in Armour
  1600 | D        | Reached skill level 5 in Stealth
  1600 | D        | Reached XP level 11. HP: 74/113 MP: 10/10
  1757 | D        | Noticed an orc knight
  1798 | D        | Killed an orc knight
  1941 | D        | Bought the +10 morningstar "Eos" {elec, Halo rElec} for
                  | 1554 gold pieces
  1941 | D        | Found the +10 morningstar "Eos" {elec, Halo rElec}
  1958 | D        | Noticed an orc knight
  1958 | D        | Noticed an orc high priest
  1970 | D        | Killed an orc knight
  1970 | D        | Noticed an orc knight
  1978 | D        | Killed an orc high priest
  1989 | D        | Killed an orc knight
  2335 | D        | Found Ollemm's Book Emporium.
  2335 | D        | Noticed a two-headed ogre
  2335 | D        | Noticed a two-headed ogre
  2335 | D        | Noticed a two-headed ogre
  2337 | D        | Killed a two-headed ogre
  2337 | D        | Noticed an ogre mage
  2338 | D        | Noticed a two-headed ogre
  2340 | D        | Killed a two-headed ogre
  2345 | D        | Killed a two-headed ogre
  2346 | D        | Found Gapabef's Magic Scroll Shoppe.
  2346 | D        | Noticed an ogre mage
  2352 | D        | Killed an ogre mage
  2353 | D        | Reached skill level 5 in Dodging
  2353 | D        | Found Jeurch's Antique Weapon Emporium.
  2361 | D        | Killed a two-headed ogre
  2365 | D        | Killed an ogre mage
  2609 | D        | Found Lity's Antique Armour Shoppe.
  2612 | D        | Noticed an ogre mage
  2613 | D        | Noticed an ogre mage
  2613 | D        | Noticed a two-headed ogre
  2618 | D        | Killed an ogre mage
  2623 | D        | Killed an ogre mage
  2624 | D        | Reached XP level 12. HP: 128/128 MP: 11/11
  2625 | D        | Killed a two-headed ogre
  2665 | D        | Bought a scroll of identify for 22 gold pieces
  2665 | D        | Bought a scroll of holy word for 82 gold pieces
  2665 | D        | Bought a scroll of fear for 38 gold pieces
  2665 | D        | Bought a scroll of brand weapon for 220 gold pieces
  2665 | D        | Bought a scroll of identify for 22 gold pieces
  2665 | D        | Bought a scroll of immolation for 38 gold pieces
  2665 | D        | Bought a scroll of identify for 22 gold pieces
  2665 | D        | Bought a scroll of silence for 82 gold pieces
  2720 | D        | Noticed Erolcha
  2721 | D        | Noticed Eustachio
  2726 | D        | Killed Erolcha
  2736 | D        | Killed Eustachio
  2857 | D        | Got the +10 chain mail of Koagh {rPois}
  2894 | D        | Noticed a centaur warrior
  2901 | D        | Noticed a tengu reaver
  2907 | D        | Killed a centaur warrior
  2911 | D        | Noticed a centaur warrior
  2911 | D        | Noticed a lich
  2914 | D        | Killed a tengu reaver
  2916 | D        | Noticed a fire dragon
  2916 | D        | Killed a centaur warrior
  2933 | D        | Killed a lich
  2934 | D        | Reached skill level 1 in Evocations
  2942 | D        | Killed a fire dragon
  2946 | D        | Reached skill level 15 in Shields
  3093 | D        | Noticed a merfolk impaler
  3096 | D        | Killed a merfolk impaler
  3114 | D        | Reached XP level 13. HP: 62/145 MP: 12/12
  3614 | D        | Noticed a tentacled monstrosity
  3614 | D        | Noticed a thorn hunter
  3620 | D        | Noticed an eleionoma
  3621 | D        | Killed a tentacled monstrosity
  3626 | D        | Killed a thorn hunter
  3630 | D        | Killed an eleionoma
  3787 | D        | Noticed a spark wasp
  3799 | D        | Killed a spark wasp
  3800 | D        | Noticed a ghost moth
  3806 | D        | Killed a ghost moth
  3957 | D        | Noticed Frances
  3964 | D        | Killed Frances
  3971 | D        | Noticed Agnes
  3985 | D        | Killed Agnes
  4273 | D        | Noticed an ettin
  4273 | D        | Noticed a stone giant
  4273 | D        | Noticed a vampire knight
  4282 | D        | Killed a stone giant
  4286 | D        | Killed an ettin
  4295 | D        | Killed a vampire knight
  4299 | D        | Reached XP level 14. HP: 81/160 MP: 13/13
  4300 | D        | Noticed a stone giant
  4519 | D        | Noticed a fire giant
  4532 | D        | Noticed a golden dragon
  4536 | D        | Killed a stone giant
  4543 | D        | Killed a fire giant
  4544 | D        | Reached skill level 10 in Stealth
  4544 | D        | Killed from afar by a fire dragon

Illustrated notes

Levels and vault maps discovered:
D:        linesprint [early_d, line_temple, items_1, d_10, items_2, lair_1,
          lair_end, items_3, orc_1, orc_end, items_4, d_15, swamp_1, shoals_1,
          snake_1, spider_1, d_20, vaults_1, items_5, swamp_end, shoals_end,
          snake_end, spider_end, vaults_end, d_27, items_6, zot_1, zot_end,
          crypt_end, forest_end, elf_end, slime_end, tomb_end, abyss_end,
          pan_hell_end]

Skill      XL: |  1  2  3  4  5  6  7  8  9 10 11 12 13 14 |
---------------+-------------------------------------------+-----
Fighting       | 4 6 7 8 9 10 11 13 15 18 21 24 25 | 25.1
Armour         | 4 6 7 8 9 10 12 13 15 16 18 19 20 | 20.0
Shields        | 4 6 7 8 9 10 11 12 13 15 16 17 | 17.2
Maces & Flails | 3 5 7 8 10 12 15 17 19 21 22 25 | 25.9
Dodging        | 1 2 3 4 5 6 |  6.8
Stealth        | 1 2 3 5 7 8 9 10 | 10.0
Evocations     | 1 4 |  4.9

Action                   |  1- 3 |  4- 6 |  7- 9 | 10-12 | 13-15 || total
-------------------------+-------+-------+-------+-------+-------++-------
Melee: Flail             |    18 |    28 |   119 |   171 |       ||   336
       Headbutt          |     3 |     6 |    29 |    70 |    45 ||   153
       Morningstar       |       |       |       |   135 |   168 ||   303
Invok: Call Merchant     |       |       |       |     1 |       ||     1
       Potion Petition   |       |       |       |     1 |       ||     1
Evoke: Wand              |       |       |       |     3 |     7 ||    10
  Use: Potion            |     1 |       |       |       |       ||     1
       Scroll            |       |       |       |       |     2 ||     2
 Stab: Distracted        |       |       |     3 |     5 |     5 ||    13
Armor: Scale mail        |     2 |     2 |       |       |       ||     4
       Chain mail        |       |     6 |    36 |    56 |    70 ||   168
Dodge: Dodged            |     5 |    12 |    30 |    72 |    52 ||   171
Block: Buckler           |     3 |     5 |    19 |    45 |    31 ||   103

Table legend: (Time is in decaauts)
 A = Elapsed time spent in this place.
 B = Non-inter-level travel time spent in this place.
 C = Inter-level travel time spent in this place.
 D = Time resting spent in this place.
 E = Time spent auto-exploring this place.
 F = Levels seen in this place.
 G = Mean time per level.
                   A        B        C        D        E       F      G
               +--------+--------+--------+--------+--------+-----+--------+
         Total |   4431 |   4431 |      0 |   2507 |    453 |   1 | 4431.0 |
       Dungeon |   4431 |   4431 |      0 |   2507 |    453 |   1 | 4431.0 |
               +--------+--------+--------+--------+--------+-----+--------+

Top non-repeatable levels by time:
       D: 4431 daAuts
